 Dungeon Crawl Stone Soup version 0.19.0-19-g8c6edcc (webtiles) character file.

352 Monsterracer the Chopper (level 6, -2/53 HPs)
             Began as a Minotaur Monk on Nov 12, 2016.
             Was a Priest of Fedhas.
             Slain by Pikel
             ... wielding a +0 whip of electrocution
              (14 damage)
             ... on level 4 of the Dungeon.
             The game lasted 00:08:52 (3259 turns).

Monsterracer the Chopper (Minotaur Monk)            Turns: 3259, Time: 00:08:53

Health: -2/53      AC:  2    Str: 15 (18) XL:     6   Next: 34%
Magic:  4/6        EV: 13    Int:  7      God:    Fedhas [***...]
Gold:   208        SH:  0    Dex: 14 (15) Spells: 0 memorised, 5 levels left

rFire  . . .     SeeInvis .     a - +0 hand axe
rCold  + . .     Gourm    .     b - +0 robe
rNeg   . . .     Faith    .     (no shield)
rPois  .         Spirit   .     (helmet restricted)
rElec  .         Reflect  .     (no cloak)
rCorr  .         Harm     .     (no gloves)
MR     .....                    (no boots)
Stlth  +.........               p - amulet of magic regeneration
                                q - ring of protection from cold
                                k - +3 ring of strength

@: glowing
A: retaliatory headbutt, horns 2
a: Fungal Bloom, Evolution, Sunlight, Growth, Renounce Religion


You were on level 4 of the Dungeon.
You worshipped Fedhas.
Fedhas was most pleased with you.
You were hungry.

You visited 1 branch of the dungeon, and saw 4 of its levels.

You collected 208 gold pieces.

Inventory:

Hand Weapons
 a - a +0 hand axe (weapon)
Armour
 b - a +0 robe (worn)
Jewellery
 k - a +3 ring of strength (left hand)
 m - an uncursed ring of flight
 p - an amulet of magic regeneration (around neck)
 q - a ring of protection from cold (right hand)
Scrolls
 d - a scroll of recharging {unknown}
 e - 2 scrolls of remove curse {unknown}
 g - 2 scrolls of identify {unknown}
 h - 2 scrolls of teleportation {unknown}
 i - a scroll of immolation {unknown}
 n - a scroll of random uselessness {unknown}
 o - a scroll of magic mapping {unknown}
Potions
 l - a potion of curing
 r - 2 potions of flight
 t - a potion of agility
 u - a potion of haste
 v - a potion of heal wounds
Comestibles
 c - 3 bread rations
 f - a beef jerky
 j - 2 meat rations
 s - a royal jelly


   Skills:
 + Level 4.5 Fighting
 + Level 7.1 Axes
 + Level 2.7 Armour
 - Level 3.2 Dodging
 - Level 1.5 Stealth
 + Level 1.7 Invocations


You had 5 spell levels left.
You didn't know any spells.

Dungeon Overview and Level Annotations

Branches:
Dungeon (4/15)
 Temple: D:4-7

Altars:
Fedhas

Annotations:
D:4 Pikel


Innate Abilities, Weirdness & Mutations

You reflexively headbutt those who attack you in melee.
You have a pair of horns on your head.


Message History

The slave is heavily wounded.
You barely miss the slave. Your headbutt misses the slave.
The slave is heavily wounded.
You hit the slave. The slave misses you. The slave hits you!
Pikel says, "I just want to get paid!"
Select sunlight destination.
Press: ? - help, Dir - move target cursor, f - Pikel
Aim: Pikel, wielding a whip of electrocution and wearing a robe You feel slightly more hungry.
The slave hits you. x2
Pikel hits you with a whip of electrocution.
You are electrocuted!
Okay, then.
You hit Pikel but do no damage. You barely miss the slave. You hit the slave.
The slave closely misses you. The slave barely misses you. Pikel misses you.
You barely miss Pikel. You hit the slave. You hit the slave but do no damage.
The slave hits you but does no damage. The slave hits you!
* * * LOW HITPOINT WARNING * * *
Pikel hits you but does no damage.
You are electrocuted!
You die...
Fedhas appreciates your contribution to the ecosystem.

##.#.......# ...
#.#.###.#.###.....
##................ .
........##..###..#.#
........##..###...
.............##.#
.....[.###......#
.......# #.....K#####.#
.......# #....op@.....#
.......######..p#######
.......##.............#
.......##...)..>.p....#
.......##.............#
#.............#
...............#
............K...#
................#


You could see Pikel, 2 slaves and an orc.

Vanquished Creatures
  A slave (D:4)
  An ogre (D:3)
  A scorpion (D:4)
  Jessica (D:3)
  Terence (D:2)
  A gnoll (D:1)
  7 adders
  An ooze (D:4)
  5 dart slugs
  2 leopard geckos (D:1)
  2 orcs
  A ball python (D:1)
  5 giant cockroaches
  11 goblins
  14 hobgoblins
  5 jackals (D:2)
  10 bats
  3 frilled lizards
  5 kobolds
  9 rats
86 creatures vanquished.

Vanquished Creatures (others)
  26 toadstools
26 creatures vanquished.

Grand Total: 112 creatures vanquished

Notes
Turn   | Place    | Note
-------+----------+-------------------------------------------
     0 | D:1      | Monsterracer the Minotaur Monk began the quest for the Orb.
     0 | D:1      | Reached XP level 1. HP: 19/19 MP: 0/0
   138 | D:1      | Reached skill level 4 in Axes
   144 | D:1      | Reached XP level 2. HP: 7/26 MP: 1/1
   717 | D:1      | Reached skill level 5 in Axes
   901 | D:1      | Reached XP level 3. HP: 31/31 MP: 2/2
  1390 | D:2      | Noticed Terence
  1401 | D:2      | Killed Terence
  1401 | D:2      | Reached skill level 6 in Axes
  1401 | D:2      | Reached XP level 4. HP: 5/39 MP: 3/3
  2084 | D:2      | Found a faded altar of an unknown god.
  2126 | D:2      | Became a worshipper of Fedhas Madash
  2126 | D:2      | Reached * piety under Fedhas
  2126 | D:2      | Reached ** piety under Fedhas
  2442 | D:3      | Reached XP level 5. HP: 30/45 MP: 4/4
  2446 | D:3      | Reached skill level 1 in Armour
  2568 | D:3      | Noticed an ogre
  2575 | D:3      | Killed an ogre
  2575 | D:3      | Reached skill level 7 in Axes
  2575 | D:3      | Reached skill level 1 in Invocations
  2577 | D:3      | Reached *** piety under Fedhas
  2860 | D:3      | Reached XP level 6. HP: 44/52 MP: 5/5
  3018 | D:3      | Noticed Jessica
  3023 | D:3      | Killed Jessica
  3232 | D:4      | Noticed a slave
  3238 | D:4      | Noticed a slave
  3238 | D:4      | Noticed a slave
  3240 | D:4      | Noticed Pikel
  3241 | D:4      | Noticed a slave
  3249 | D:4      | Killed a slave
  3259 | D:4      | Slain by Pikel

Skill      XL: |  1  2  3  4  5 |
---------------+----------------+-----
Axes           | 4 5 6 7 |  7.1
Armour         | 2 |  2.7
Fighting       | 4 |  4.5
Invocations    | 1 |  1.7
Dodging        | |  3.2
Stealth        | |  1.5

Action                   |  1- 3 |  4- 6 || total
-------------------------+-------+-------++-------
Melee: Hand axe          |    53 |   118 ||   171
       Headbutt          |    12 |    22 ||    34
Invok: Fungal Bloom      |       |    14 ||    14
       Sunlight          |       |     1 ||     1
  Use: Potion            |     4 |     5 ||     9
 Stab: Sleeping          |     5 |     6 ||    11
  Eat: Chunk             |     1 |     6 ||     7
Armor: Robe              |     5 |    23 ||    28
Dodge: Dodged            |    38 |    84 ||   122
